 Dungeon Crawl Stone Soup version 0.19.1 (webtiles) character file.

554 stebl the Insei (level 7, -8/49 HPs)
             Began as a Merfolk Transmuter on Nov 27, 2016.
             Mangled by an orc warrior
             ... wielding a +0 short sword
              (16 damage)
             ... on level 3 of the Dungeon.
             The game lasted 00:26:52 (4025 turns).

stebl the Insei (Merfolk Transmuter)                Turns: 4025, Time: 00:26:53

Health: -8/49      AC:  2    Str: 11    XL:     7   Next: 30%
Magic:  0/10       EV: 13    Int: 12    God:
Gold:   204        SH:  0    Dex: 16    Spells: 3 memorised, 4 levels left

rFire  . . .     SeeInvis .       - Unarmed
rCold  . . .     Gourm    .     b - +0 robe
rNeg   . . .     Faith    .     (no shield)
rPois  .         Spirit   .     (no helmet)
rElec  .         Reflect  .     (no cloak)
rCorr  +         Harm     .     (no gloves)
MR     .....     Rnd*Tele +     (no boots)
Stlth  +.........               (no amulet)
                                u - ring of resist corrosion
                                t - ring of teleportation (curse)

@: appendage
A: change form in water, swift swim, stealthy swim, horns 2
a: End Transformation


You were on level 3 of the Dungeon.
You were hungry.
You had grown temporary horns.
You visited 1 branch of the dungeon, and saw 4 of its levels.
You also visited: Sewer.

You collected 204 gold pieces.

Inventory:

Missiles
 a - 9 arrows
 n - 124 stones (quivered)
 y - 5 tomahawks
Armour
 b - a +0 robe (worn)
 s - a +0 ring mail
 w - a +0 leather armour
Jewellery
 q - an uncursed ring of ice
 t - a cursed ring of teleportation (left hand)
 u - a ring of resist corrosion (right hand)
Wands
 h - a wand of confusion (23/48)
Scrolls
 i - a scroll of immolation
Potions
 e - 2 potions of flight
 g - a potion of haste {unknown}
 j - a potion of mutation
 m - 4 potions of agility
 o - a potion of heal wounds
 r - 2 potions of curing
 v - a potion of invisibility {unknown}
 x - a potion of cure mutation {unknown}
Books
 c - a book of Changes

   Spells                             Type                      Level
   a - Beastly Appendage              Transmutation                1
   b - Sticks to Snakes               Transmutation                2
   c - Spider Form                    Transmutation/Poison         3
   d - Ice Form                       Ice/Transmutation            4
   e - Blade Hands                    Transmutation                5
Comestibles
 d - 4 bread rations
 f - 7 chunks of flesh
 k - 2 meat rations


   Skills:
 * Level 1.7 Fighting
 - Level 2.6 Dodging
 - Level 7.0 Unarmed Combat
 - Level 2.0 Spellcasting
 * Level 6.8 Transmutations


You had 4 spell levels left.
You knew the following spells:

 Your Spells              Type           Power        Failure   Level  Hunger
a - Beastly Appendage     Tmut           ###...       1%          1    ##.....
b - Sticks to Snakes      Tmut           ###.....     2%          2    ###....
c - Spider Form           Tmut/Pois      #.........   24%         3    ####...


Dungeon Overview and Level Annotations

Branches:
Dungeon (4/15)
 Temple: D:4-7

Altars:
Cheibriados
Dithmenos
Makhleb
Qazlal
Trog
Zin
The Shining One

Annotations:
D:3 Squip's ghost, amateur HOWr
D:4 Grinder


Innate Abilities, Weirdness & Mutations

You revert to your normal form in water.
You are very nimble and swift while swimming.
You are very stealthy in the water. (Stealth+)
You have a pair of horns on your head.


Message History

The orc warrior hits you with a short sword!
* * * LOW HITPOINT WARNING * * *
You hit the orc warrior but do no damage.
Your headbutt misses the orc warrior.
The orc warrior is heavily wounded.
You hit the orc warrior.
The orc warrior is severely wounded.
The orc warrior misses you.
You hit the orc warrior but do no damage.
Your headbutt misses the orc warrior.
The orc warrior is severely wounded.
The orc warrior closely misses you.
You hit the orc warrior.
The orc warrior is severely wounded.
The orc warrior hits you with a short sword.
* * * LOW HITPOINT WARNING * * *
You hit the orc warrior but do no damage.
The orc warrior is severely wounded.
The orc warrior hits you with a short sword!
You die...

.....(.##...###..# #...##.#
.........._......# #...##.#
#####.###...##..## #...##o#
#[# ##.###..# ######.# #.#
#.###..# #.# #.####......#
#######.## #.[.........#
#........#####
######(#########........'....
#(((((o@(...(......#####
####################


You could see an orc warrior.

Vanquished Creatures
  The ghost of caec the Poker, a novice MfGl of Uskayaw (D:4)
  A crocodile (Sewer)
  A bullfrog skeleton (D:4)
  A worker ant (D:4)
  3 adders
  2 worms
  2 dart slugs
  2 leopard geckos (D:1)
  4 orcs (D:3)
  3 giant cockroaches
  11 goblins
  9 hobgoblins
  3 jackals (D:3)
  3 quokkas
  11 bats
  9 frilled lizards
  5 kobolds
  4 rats (D:1)
75 creatures vanquished.

Vanquished Creatures (collateral kills)
  Natasha (D:4)
  A worker ant (D:4)
  A gnoll (D:1)
  An adder (D:2)
  A dart slug (D:1)
  2 bats (D:1)
  A rat (D:3)
8 creatures vanquished.

Grand Total: 83 creatures vanquished

Notes
Turn   | Place    | Note
-------+----------+-------------------------------------------
     0 | D:1      | stebl the Merfolk Transmuter began the quest for the Orb.
     0 | D:1      | Reached XP level 1. HP: 15/15 MP: 3/3
   155 | D:1      | Reached XP level 2. HP: 17/21 MP: 3/5
   169 | D:1      | Reached skill level 4 in Unarmed Combat
   284 | D:1      | Learned a level 2 spell: Sticks to Snakes
   489 | D:1      | Reached XP level 3. HP: 26/26 MP: 6/6
  1138 | D:1      | Reached skill level 5 in Unarmed Combat
  1478 | D:2      | Learned a level 3 spell: Spider Form
  1555 | D:2      | Reached XP level 4. HP: 32/32 MP: 0/7
  1659 | D:2      | Found a glowing golden altar of the Shining One.
  2202 | D:3      | Noticed an orc warrior
  2815 | D:3      | Noticed Squip's ghost (amateur HOWr)
  3227 | D:3      | Found a burning altar of Makhleb.
  3306 | D:4      | Reached XP level 5. HP: 6/37 MP: 0/8
  3409 | D:4      | Found a snail-covered altar of Cheibriados.
  3409 | D:4      | Noticed Grinder
  3409 | D:4      | Paralysed by Grinder for 3 turns
  3447 | D:4      | Noticed caec's ghost (novice MfGl)
  3465 | D:4      | Killed caec's ghost
  3465 | D:4      | Reached skill level 6 in Unarmed Combat
  3465 | D:4      | Reached skill level 5 in Transmutations
  3465 | D:4      | Reached XP level 6. HP: 39/43 MP: 1/9
  3562 | D:4      | Found a stormy altar of Qazlal.
  3562 | D:4      | Found a shadowy altar of Dithmenos.
  3562 | D:4      | Found a bloodstained altar of Trog.
  3562 | D:4      | Noticed Natasha
  3581 | D:4      | Killed Natasha
  3581 | D:4      | Reached skill level 7 in Unarmed Combat
  3596 | D:4      | Found a glowing silver altar of Zin.
  3681 | D:4      | Found a glowing drain.
  3689 | Sewer    | Entered a sewer
  3793 | Sewer    | Reached XP level 7. HP: 48/48 MP: 3/10
  4025 | D:3      | Mangled by an orc warrior

Skill      XL: |  1  2  3  4  5  6 |
---------------+-------------------+-----
Unarmed Combat | 4 5 6 7 |  7.0
Transmutations | 3 5 6 |  6.8
Fighting       | |  1.7
Dodging        | |  2.6
Spellcasting   | |  2.0

Action                   |  1- 3 |  4- 6 |  7- 9 || total
-------------------------+-------+-------+-------++-------
Melee: Unarmed           |   120 |   119 |    26 ||   265
       Headbutt          |     8 |     5 |     1 ||    14
       Punch             |     1 |     3 |     1 ||     5
       Tailslap          |       |     1 |       ||     1
Throw: Stone             |     6 |    21 |     2 ||    29
 Cast: Beastly Appendage |    12 |     5 |     2 ||    19
       Sticks to Snakes  |     8 |    18 |     7 ||    33
       Spider Form       |       |     3 |     1 ||     4
  Use: Scroll            |       |    13 |       ||    13
       Potion            |       |     2 |       ||     2
 Stab: Sleeping          |     1 |     2 |       ||     3
  Eat: Chunk             |     3 |     9 |     1 ||    13
Armor: Robe              |    17 |    15 |     2 ||    34
       Skin              |       |     7 |       ||     7
Dodge: Dodged            |    70 |    74 |    22 ||   166
